 Dungeon Crawl Stone Soup version 0.19-a0-1831-gd4c818f (webtiles) character file.

130 TheGoonsmith the Slasher (level 4, -6/35 HPs)
             Began as a Demonspawn Gladiator on Oct 7, 2016.
             Was an Initiate of Ru.
             Killed by divine providence
             ... invoked by an orc priest
              (13 damage)
             ... on level 3 of the Dungeon.
             The game lasted 00:03:10 (2221 turns).

TheGoonsmith the Slasher (Demonspawn Gladiator)     Turns: 2221, Time: 00:03:10

Health: -6/35      AC:  5    Str: 16    XL:     4   Next: 90%
Magic:  4/4        EV: 12    Int:  9    God:    Ru [......]
Gold:   88         SH:  0    Dex: 14    Spells: 0 memorised, 3 levels left

rFire  . . .     SeeInvis .     a - +0 long sword
rCold  . . .     Gourm    .     l - +0 ring mail
rNeg   . . .     Faith    .     (no shield)
rPois  .         Spirit   .     (helmet restricted)
rElec  .         Dismiss  .     (no cloak)
rCorr  .         Reflect  .     (no gloves)
MR     .....     Harm     .     (no boots)
Stlth  +.........               (no amulet)
                                (no ring)
                                (no ring)

@: no status effects
A: horns 1, spiny 1, sturdy frame 1
a: Renounce Religion


You were on level 3 of the Dungeon.
You worshipped Ru.
Ru was noncommittal.
You were not hungry.

You visited 1 branch of the dungeon, and saw 3 of its levels.

You collected 88 gold pieces.

Inventory:

Hand Weapons
 a - a +0 long sword (weapon)
Missiles
 d - 3 throwing nets (quivered)
Armour
 b - a +0 leather armour
 c - a +0 helmet
 l - a +0 ring mail (worn)
Jewellery
 i - an uncursed ring of ice {unknown}
Scrolls
 g - a scroll of noise {unknown}
 h - a scroll of random uselessness {unknown}
 j - 3 scrolls of identify {unknown}
 k - a scroll of immolation {unknown}
 q - 2 scrolls of remove curse {unknown}
Potions
 e - a potion of mutation {unknown}
 m - a potion of lignification {unknown}
 n - a potion of berserk rage {unknown}
 p - a potion of heal wounds {unknown}
Comestibles
 f - 2 bread rations
 o - a meat ration
 r - a chunk of flesh


   Skills:
 + Level 3.4 Fighting
 * Level 4.3 Long Blades
 - Level 1.7 Throwing
 - Level 2.6 Dodging


You had 3 spell levels left.
You didn't know any spells.

Dungeon Overview and Level Annotations

Branches:
Dungeon (3/15)

Altars:
Ru


Innate Abilities, Weirdness & Mutations

You have a pair of small horns on your head.
You are partially covered in sharp spines.
Your movements are slightly less encumbered by armour. (ER -2)


Message History

The orc barely misses you. The orc hits you with a flail.
The orc priest barely misses you.
You riposte.
You hit the orc priest but do no damage.
The orc priest is moderately wounded.
The orc is struck by your spines. The orc hits you with a dagger.
You hit the orc priest.
The orc priest is moderately wounded.
The orc priest misses you. The orc hits you with a flail.
The orc hits you but does no damage.
You hit the orc priest but do no damage.
You headbutt the orc priest, but do no damage.
The orc priest is moderately wounded.
The orc priest invokes the aid of Beogh against you.
Beogh smites you!
* * * LOW HITPOINT WARNING * * *
The orc barely misses you. The orc hits you with a flail.
* * * LOW HITPOINT WARNING * * *
The orc priest invokes the aid of Beogh against you.
Beogh smites you!
You die...

#.#.# #### #.#.# ...
#.#.# ###.## #.#.# ....#
#.#.# #######..# #.#.#
........<#
...#.#.#.##########..##.#
...'..oo@....!...........
...#.#o#########.##.###.#
... #.#.... . #...
#.#..### #... #.#..# #...
#.#..# #... #.#..# #...
#.#..#


You could see an orc priest and 2 orcs.

Vanquished Creatures
  7 adders (D:2)
  A worm (D:2)
  3 dart slugs (D:1)
  3 leopard geckos
  An orc (D:3)
  A ball python (D:1)
  7 bats
  3 giant cockroaches (D:2)
  4 goblins
  8 hobgoblins
  A jackal (D:2)
  3 quokkas (D:2)
  6 frilled lizards (D:1)
  5 kobolds
  4 rats (D:2)
57 creatures vanquished.

Notes
Turn   | Place    | Note
-------+----------+-------------------------------------------
     0 | D:1      | TheGoonsmith the Demonspawn Gladiator began the quest for the Orb.
     0 | D:1      | Reached XP level 1. HP: 16/16 MP: 1/1
    94 | D:1      | Reached skill level 3 in Long Blades
   142 | D:1      | Gained mutation: You are partially covered in sharp spines. [demonic ancestry]
   142 | D:1      | Reached XP level 2. HP: 15/22 MP: 2/2
   932 | D:1      | Gained mutation: Your movements are slightly less encumbered by armour. (ER -2) [demonic ancestry]
   932 | D:1      | Reached XP level 3. HP: 28/28 MP: 3/3
  1600 | D:2      | Reached skill level 4 in Long Blades
  1600 | D:2      | Gained mutation: You have a pair of small horns on your head. [demonic ancestry]
  1600 | D:2      | Reached XP level 4. HP: 35/35 MP: 4/4
  1810 | D:2      | Found a sacrificial altar of Ru.
  1835 | D:2      | Became a worshipper of Ru the Awakened
  2221 | D:3      | Killed from afar by an orc priest

Vault maps used:
D:1:      co_arrival_random_square_maze, st_stairs_13, corexii_hall_statues_i,
          hangedman_decor_points, minmay_small_reverse_x
D:2:      nicolae_ru_great_annihilating_truth

Skill      XL: |  1  2  3 |
---------------+----------+-----
Long Blades    | 3 4 |  4.3
Fighting       | 3 |  3.4
Throwing       | |  1.7
Dodging        | |  2.6

Action                   |  1- 3 |  4- 6 || total
-------------------------+-------+-------++-------
Melee: Long sword        |    86 |    32 ||   118
       Headbutt          |       |     6 ||     6
 Stab: Invisible         |       |     1 ||     1
       Paralysed         |       |     1 ||     1
  Eat: Chunk             |     2 |     2 ||     4
Armor: Leather armour    |     3 |       ||     3
       Ring mail         |    11 |     6 ||    17
Dodge: Dodged            |    57 |    33 ||    90
       Rpst.: Long sword |    21 |     9 ||    30
